 Seeded DCSS version 0.31-a0-4-gefa6de2278 (webtiles) character file.

Game seed: 9909445277333701623 (custom seed)

5 Pimp the Trooper (level 1, 20/20 HPs)
             Began as a Hill Orc Fighter on May 3, 2023.
             Quit the game on level 1 of the Dungeon.
             The game lasted 00:01:39 (111 turns).

Pimp the Trooper (Hill Orc Fighter)                  Turns: 111, Time: 00:01:39

Health: 20/20      AC:  6    Str: 18    XL:     1   Next: 80%
Magic:  1/1        EV:  9    Int:  8    God:
Gold:   0          SH:  4    Dex: 10    Spells: 0/0 levels left

rFire   . . .        a - +0 war axe
rCold   . . .        c - +0 buckler
rNeg    . . .        b - +0 scale mail
rPois   .            (no helmet)
rElec   .            (no cloak)
rCorr   .            (no gloves)
SInv    .            (no boots)
Will    .....        (no amulet) Stlth
                     (no ring)
HPRegen 0.23/turn    (no ring)
MPRegen 0.07/turn

%: no passive effects
@: no status effects
A: no striking features
a: no special abilities


You were on level 1 of the Dungeon.
You visited 1 branch of the dungeon, and saw 1 of its levels.

Inventory:

Hand Weapons
 a - a +0 war axe (weapon)
Armour
 b - a +0 scale mail (worn)
 c - a +0 buckler (worn)
Scrolls
 e - a scroll of acquirement
 f - a scroll of noise {unknown}
Potions
 d - a potion of might


   Skills:
 + Level 3.7 Fighting
 + Level 2.9 Axes
 + Level 3.4 Armour
 + Level 3.4 Shields


You couldn't memorise any spells.
You didn't know any spells.
Your spell library was empty.

Dungeon Overview and Level Annotations

Branches:
Dungeon (1/15)

Altars:


Message History

Unknown command.
You barely miss the hobgoblin.
The hobgoblin is lightly wounded.
A giant cockroach comes into view.
You block the hobgoblin's attack. The hobgoblin barely misses you.
The giant cockroach moves out of view.
You slash the hobgoblin!
You kill the hobgoblin!
You slash the hobgoblin!
You kill the hobgoblin!
The hobgoblin hits you.
You see here a hobgoblin corpse.
You hit the hobgoblin.
The hobgoblin is lightly wounded.
You hit the giant cockroach but do no damage.
The giant cockroach closely misses you. You block the hobgoblin's attack.
The giant cockroach misses you. The hobgoblin hits you.
You barely miss the hobgoblin.
The hobgoblin is lightly wounded.
You closely miss the giant cockroach.
The giant cockroach bites you but does no damage.
The hobgoblin hits you but does no damage.
You hit the giant cockroach.
The giant cockroach is moderately wounded.
You slash the hobgoblin!
You kill the hobgoblin!
The giant cockroach bites you but does no damage.
The giant cockroach barely misses you.
You slash the giant cockroach!
You kill the giant cockroach!
You see here a giant cockroach corpse.
HP restored.
e - a scroll labelled NEULY NEGAA A hobgoblin, a rat and 2 goblins come into view.
A goblin is wielding a +2 dagger of venom.
The hobgoblin shouts!
The goblin shouts!
You see here a scroll labelled OXTIQU GAKK.
f - a scroll labelled OXTIQU GAKK This is a scroll of acquirement!
Are you sure you want to abandon this character and quit the game? (Confirm with "yes".)

###.##.#..#...
#...#..#.##...
#.###.##..#..
#######...#######.
..........#.....g# #
......†.....##...#.##
.......†..#.##....g.#
..=....††.#..#.g#..r....
.........##..@..#.##.g..
................#.# ...
..................# .
##..##..##......#..#
.... #..........#....
##. #....#...........
............. #.#
#####.......# ..


You could see a hobgoblin and 2 goblins.

Vanquished Creatures
  A giant cockroach (D:1)
  3 hobgoblins (D:1)
4 creatures vanquished.

Notes
Turn   | Place    | Note
-------+----------+-------------------------------------------
     0 | D:1      | Pimp the Hill Orc Fighter began the quest for the Orb.
     0 | D:1      | Reached XP level 1. HP: 19/19 MP: 1/1
   108 | D:1      | Identified a scroll of acquirement
   111 | D:1      | Quit the game

Illustrated notes

Levels and vault maps discovered:
D:1:      psy_arrival_radial01, layout_rooms, chequers_hall_statues_wall_a,
          supply_closet_lemuel

Action                     || total
---------------------------++-------
  Melee: War axe           ||     7
 Armour: Scale mail        ||     4
  Dodge: Dodged            ||     5
  Block: Buckler           ||     2

Table legend: (Time is in decaauts)
 A = Elapsed time spent in this place.
 B = Non-inter-level travel time spent in this place.
 C = Inter-level travel time spent in this place.
 D = Time resting spent in this place.
 E = Time spent auto-exploring this place.
 F = Levels seen in this place.
 G = Mean time per level.
                   A        B        C        D        E       F      G
               +--------+--------+--------+--------+--------+-----+--------+
         Total |    114 |    114 |      0 |      0 |     90 |   1 |  114.0 |
       Dungeon |    114 |    114 |      0 |      0 |     90 |   1 |  114.0 |
               +--------+--------+--------+--------+--------+-----+--------+

Top non-repeatable levels by time:
     D:1: 114 daAuts
